 Dungeon Crawl Stone Soup version 0.20.0-15-g7f486f2 (webtiles) character file.

6 Manul the Skirmisher (level 1, 0/16 HPs)
             Began as an Octopode Abyssal Knight on June 10, 2017.
             Was a Follower of Lugonu.
             Slain by a hobgoblin
             ... wielding a +0 club
              (2 damage)
             ... on level 1 of the Dungeon.
             The game lasted 00:00:38 (432 turns).

Manul the Skirmisher (Octopode Abyssal Knight)       Turns: 432, Time: 00:00:39

Health: 0/16       AC:  1    Str: 11    XL:     1   Next: 90%
Magic:  2/2        EV: 13    Int: 14    God:    Lugonu [*.....]
Gold:   12         SH:  0    Dex: 11    Spells: 0/0 levels left

rFire    . . .     SeeInvis .   a - +1 short sword
rCold    . . .     Gourm    .   (no shield)
rNeg     . . .     Faith    .   (helmet restricted)
rPois    .         Spirit   .   (no amulet)
rElec    .         Reflect  .   (no ring)
rCorr    .         Harm     .   (no ring)
MR       .....                  (no ring)
Stlth    ++........             (no ring)
Regen    0.1/turn               (no ring)
MPRegen  0.1/turn               (no ring)
                                (no ring)
                                (no ring)

@: no status effects
A: almost no armour, stealthy swim, amphibious, 8 rings, constrict 8, camouflage
1, gelatinous body 1
a: Depart the Abyss, Renounce Religion


You were on level 1 of the Dungeon.
You worshipped Lugonu.
Lugonu was aware of your devotion.
You were not hungry.

You visited 1 branch of the dungeon, and saw 1 of its levels.
You visited the Abyss 1 time.

You collected 12 gold pieces.

Inventory:

Hand Weapons
 a - a +1 short sword (weapon)
Books
 c - a book of Burglary

   Spells                             Type                      Level
   a - Swiftness                      Charms/Air                   2
   b - Passwall                       Transmutation/Earth          2
   c - Passage of Golubria            Translocation                4
   d - Lee's Rapid Deconstruction     Earth                        5
   e - Darkness                       Hexes                        6
   f - Invisibility                   Hexes                        6
Comestibles
 b - a bread ration
 d - 3 chunks of flesh


   Skills:
 + Level 3.2 Fighting
 + Level 2.2 Short Blades
 + Level 2.4 Dodging
 + Level 2.0 Invocations


You couldn't memorise any spells.
You didn't know any spells.

Dungeon Overview and Level Annotations

Branches:
Dungeon (1/15)

Altars:


Innate Abilities, Weirdness & Mutations

You cannot wear most types of armour.
You are very stealthy in the water. (Stealth+)
You are amphibious.
You can wear up to eight rings at the same time.
You can use your tentacles to constrict eight enemies at once.
Your skin changes colour to match your surroundings (Stealth+).
Your rubbery body absorbs attacks. (AC +1, EV +1)


Message History

You are too injured to fight recklessly!
The bat completely misses you. The goblin hits you but does no damage.
You are too injured to fight recklessly!
You barely miss the bat. You grab the bat. You constrict the bat.
The bat closely misses you.
The bat escapes!
The hobgoblin barely misses you. The bat misses you.
The goblin hits you but does no damage. The hobgoblin hits you with a club.
* * * LOW HITPOINT WARNING * * *
You hit the goblin. You grab the goblin. You squeeze the goblin.
You kill the goblin!
Lugonu accepts your kill.
You can now depart the Abyss.
The bat closely misses you.
The hobgoblin hits you but does no damage.
The bat hits you but does no damage. The hobgoblin barely misses you.
Things that are here:
a dagger; a goblin corpse The bat barely misses you.
The bat misses you. x2; The hobgoblin closely misses you.
The bat closely misses you. x2; The hobgoblin hits you with a club.
You die...

#. # #. ############
#.# #.........##
##.#### #.........##
#.....####.........##
#...................'
#.....####.........##
#.....# ############
#..g@.# # #...b.# #
#.....# # #.....#
#.....# #######


You could see a hobgoblin and a bat.

Vanquished Creatures
  2 hobgoblins (D:1)
  2 bats (D:1)
  2 goblins (D:1)
6 creatures vanquished.

Notes
Turn   | Place    | Note
-------+----------+-------------------------------------------
     0 | Abyss:1  | Manul the Octopode Abyssal Knight began the quest for the Orb.
     0 | Abyss:1  | Reached XP level 1. HP: 16/16 MP: 2/2
    33 | Abyss:1  | Noticed a large abomination
    40 | Abyss:1  | Noticed an ancient zyme
    70 | Abyss:2  | Found a basalt altar of Yredelemnul.
    99 | Abyss:2  | Noticed a ynoxinul
   100 | Abyss:2  | Noticed a neqoxec
   109 | Abyss:2  | Noticed a small abomination
   111 | D:1      | Escaped the Abyss
   428 | D:1      | Reached * piety under Lugonu
   432 | D:1      | Slain by a hobgoblin

Action                   || total
-------------------------++-------
Melee: Short sword       ||    13
       Constrict         ||     6
       Tentacles         ||     2
Invok: Depart the Abyss  ||     1
 Stab: Sleeping          ||     1
Armor: Skin              ||     2
Dodge: Dodged            ||    21
